AoeStats
← lelouch

Arena

510105426Analyzed
4v4 RM · 4d ago on Sep 29, 2026· 55m 32s· 8 players
Game mode
Random Map
Map size
Large (8 player)
Population
200
Speed
Normal
Resources
Standard
Victory
Conquest
Starting age
Dark Age
Ending age
Imperial Age
RankedLock teamsTeams togetherTeam positionsShared explorationLock speedFull tech treeHidden civsTurbo modeCheats
Victory
Defeat
🇨🇳 Bohemians · China
1266
+14
🇵🇪 Vikings · Peru
1241
+15
🇷🇺 Malians · Russia
1241
+15
🇨🇳 Varangians · China
1239
+17
🇨🇳 Mongols · China
1240
-16
🇦🇷 Poles · Argentina
1233
-15
🇨🇳 Mongols · China
1228
-15
🇨🇳 Saxons · China
1215
-15
咸鱼
10:29 Feudal Age
14:37 Castle Age
13:35 Double-Bit Axe
13:32 Horse Collar
17:45 Loom
21:51 Bow Saw
21:59 Heavy Plow
26:15 Wheelbarrow
29:37 Imperial Age
27:56 Forging
27:47 Scale Mail Armor
28:15 Squires
29:43 Iron Casting
30:13 Chain Mail Armor
30:46 Conscription
31:26 Gold Mining
31:29 Stone Mining
33:04 Elite Varangian Guard
肥羊
8:55 Loom
11:34 Feudal Age
15:24 Castle Age
14:32 Horse Collar
14:39 Double-Bit Axe
16:31 Stone Mining
你好骚啊
10:14 Feudal Age
11:07 Double-Bit Axe
14:04 Castle Age
11:47 Horse Collar
15:44 Bow Saw
22:30 Wheelbarrow
22:08 Heavy Plow
22:48 Gold Mining
22:48 Stone Mining
27:30 Imperial Age
24:54 Fletching
25:26 Padded Archer Armor
25:57 Ballistics
25:51 Bodkin Arrow
26:00 Loom
26:32 Hand Cart
27:32 Gold Shaft Mining
26:47 Stone Mining
27:19 Leather Archer Armor
29:12 Chemistry
28:43 Conscription
28:56 Bracer
29:23 Bloodlines
29:13 Husbandry
29:47 Parthian Tactics
29:27 Thumb Ring
30:09 Thumb Ring
30:21 Stone Mining
30:55 Elite Mangudai
33:30 Capped Ram
33:30 Onager
34:55 Stone Shaft Mining
34:32 Siege Ram
34:39 Siege Ram
42:23 Siege Engineers
42:29 Fortified Wall
43:29 Siege Onager
45:11 Murder Holes
45:26 Masonry
45:18 Nomads
苍真
10:20 Feudal Age
12:01 Double-Bit Axe
14:41 Castle Age
13:01 Horse Collar
14:57 Fletching
Moa
10:03 Feudal Age
10:10 Loom
13:55 Castle Age
24:36 Scale Mail Armor
24:46 Forging
25:35 Chain Mail Armor
25:23 Squires
26:39 Fletching
26:58 Horse Collar
27:12 Arson
31:04 Double-Bit Axe
35:20 Imperial Age
33:25 Bow Saw
33:34 Fortified Wall
37:07 Plate Mail Armor
37:13 Iron Casting
37:21 Man-at-Arms
38:08 Long Swordsman
44:42 Two-Handed Swordsman
50:15 Plate Mail Armor
55:03 Champion
lelouch
11:11 Feudal Age
11:01 Loom
14:52 Castle Age
13:10 Double-Bit Axe
15:57 Horse Collar
29:51 Bow Saw
31:07 Wheelbarrow
31:18 Town Watch
35:42 Imperial Age
34:54 Chemistry
34:47 Padded Archer Armor
37:33 Hand Cart
37:23 Heavy Plow
38:26 Two-Man Saw
38:14 Leather Archer Armor
40:35 Town Patrol
41:43 Houfnice
42:08 Elite Skirmisher
44:04 Fletching
44:46 Ring Archer Armor
45:52 Bodkin Arrow
46:37 Siege Engineers
46:53 Ballistics
53:30 Bracer
55:56 Scale Mail Armor
56:07 Forging
56:10 Masonry
55:56 Murder Holes
56:22 Bombard Tower
55:55 Guard Tower
ruibizca
10:17 Feudal Age
14:04 Castle Age
12:37 Double-Bit Axe
12:58 Horse Collar
18:20 Heavy Plow
20:55 Bow Saw
22:45 Wheelbarrow
21:56 Town Watch
23:38 Gold Mining
24:30 Stone Mining
24:27 Loom
28:28 Imperial Age
26:29 Forging
26:25 Scale Barding Armor
27:59 Hand Cart
27:31 Treadmill Crane
28:31 Iron Casting
27:57 Scale Mail Armor
30:14 Blast Furnace
28:41 Elite Varangian Guard
30:07 Chain Barding Armor
29:14 Capped Ram
30:05 Cavalier
31:12 Bloodlines
31:03 Husbandry
32:14 Conscription
33:09 Plate Barding Armor
32:07 Gothikon
32:14 Vendel Legacy
33:20 Light Cavalry
33:23 Siege Ram
35:43 Siege Engineers
36:39 Chemistry
36:01 Ballistics
37:41 Chain Mail Armor
38:32 Two-Man Saw
38:02 Crop Rotation
38:12 Stone Shaft Mining
38:10 Elite Jarl
39:28 Town Patrol
41:56 Fletching
42:07 Padded Archer Armor
42:35 Bodkin Arrow
42:09 Heavy Mounted Crossbowman
42:09 Cranequins
43:06 Leather Archer Armor
43:49 Bracer
44:19 Ring Archer Armor
49:11 Fortified Wall
48:57 Murder Holes
49:14 Masonry
SS4M00
10:46 Feudal Age
11:13 Double-Bit Axe
12:19 Loom
15:06 Castle Age
13:29 Horse Collar
15:59 Bow Saw
18:27 Heavy Plow
20:12 Forging
20:34 Scale Mail Armor
21:36 Chain Mail Armor
23:18 Forging
24:47 Gold Mining
27:21 Arson
28:43 Squires
30:20 Gold Shaft Mining
30:45 Iron Casting
33:03 Stone Mining
33:00 Town Watch
38:37 Imperial Age
36:33 Fletching
38:41 Elite Varangian Guard
40:17 Plate Mail Armor
40:48 Blast Furnace
40:02 Masonry
39:27 Capped Ram
40:56 Fortified Wall
43:53 Bodkin Arrow
43:58 Padded Archer Armor
45:01 Blast Furnace
44:19 Bodkin Arrow
44:25 Padded Archer Armor
44:47 Elite Skirmisher
46:24 Bracer
Connection lost

Rejoining the realm…

Still unreachable

The connection could not be restored.

Session expired

The server has moved on; the page needs a fresh start.